 Dungeon Crawl Stone Soup version 0.28.0-45-g0d030f2227 (webtiles) character file.

Game seed: 862093279900926529

5 zeratav the Insei (level 1, -1/13 HPs)
             Began as an Octopode Transmuter on Apr 9, 2022.
             Slain by a ball python (2 damage)
             ... on level 1 of the Dungeon.
             The game lasted 00:00:45 (118 turns).

zeratav the Insei (Octopode Transmuter)              Turns: 118, Time: 00:00:46

Health: -1/13      AC:  1    Str:  9    XL:     1   Next: 80%
Magic:  3/3        EV: 13    Int: 15    God:
Gold:   0          SH:  0    Dex: 12    Spells: 3/4 levels left

rFire   . . .      SeeInvis .     - Unarmed
rCold   . . .      Faith    .   (no shield)
rNeg    . . .      Spirit   .   (helmet restricted)
rPois   .          Reflect  .   (no amulet)
rElec   .          Harm     .   (no ring)
rCorr   .          Rampage  .   (no ring)
Will    .....                   (no ring)
Stlth   ++........              (no ring)
HPRegen 0.04/turn               (no ring)
MPRegen 0.08/turn               (no ring)
                                (no ring)
                                (no ring)

@: no status effects
A: almost no armour, amphibious, 8 rings, camouflage 1, gelatinous body 1,
(nimble swimmer 1), tentacles
a: no special abilities


You were on level 1 of the Dungeon.
You visited 1 branch of the dungeon, and saw 1 of its levels.


Innate Abilities, Weirdness & Mutations

You cannot wear most types of armour.
You are amphibious.
You can wear up to eight rings at the same time.
Your skin changes colour to match your surroundings (Stealth+).
Your rubbery body absorbs attacks. (AC +1, EV +1)
((You are camouflaged when in or above water. (Stealth+)))
You have tentacles for arms and can constrict up to eight enemies at once.


   Skills:
 + Level 1.1 Fighting
 + Level 2.1 Dodging
 + Level 0.6 Stealth
 * Level 3.1 Unarmed Combat
 - Level 2.0 Spellcasting
 - Level 2.0 Transmutations


You had 3 spell levels left.
You knew the following spells:

 Your Spells              Type           Power      Damage    Failure   Level
a - Beastly Appendage     Tmut           14%        N/A       10%         1

Your spell library contained the following spells:

 Spells                   Type           Power      Damage    Failure   Level
 Wereblood                Tmut           7%         N/A       14%         2
 Spider Form              Tmut/Pois      4%         N/A       41%         3
 Ice Form                 Ice/Tmut       4%         N/A       82%         4

Inventory:

Scrolls
 a - a scroll of enchant weapon {unknown}

Dungeon Overview and Level Annotations

Branches:
Dungeon (1/15)

Altars:

#. ..# ...# #...# #....
##._.# #....†#### #####
##### #...#.####...
#..(# ##....S@##.#
#####.#.### ##..##....#
#<#...#...#
#..###.##.###.#.#####.#
#...##.###...#...#
#.... ...#....
###.#######.###
#######.. #.....#.....#
#.. #####.#.###.# ##.
#...# #.. #. ###.###.#


You could see a ball python.


Message History

🤖 Initializing magus.rc ... ✅ Successfully initialized magus.rc [v1.9.6] Welcome, zeratav the Octopode Transmuter.
Everyone else who sought the Orb of Zot has failed.
Will you be different?
Press ? for a list of commands and other information.
Found a staircase leading out of the dungeon.
a - a scroll labelled HETHIMMICIU A ball python comes into view.
One of your tentacles grows a vicious spike.
MP[-1]
You lost 1 mp, and now have 2/3 mp.
A ball python is nearby!
A kobold comes into view. It is wielding a +0 short sword.
Found a faded altar of an unknown god. 2 ball pythons come into view.
The helpless ball python fails to defend itself.
You tentacle-slap the ball python. You grab the ball python.
Your transformation is almost over.
You constrict the ball python.
The ball python hisses angrily.
The ball python bites you. The ball python misses you.
The kobold shouts!
You tentacle-slap the ball python.
You kill the ball python!
A ball python comes into view.
HP[-1]
You take 1 damage, and now have 12/13 hp.
You closely miss the ball python.
The ball python hisses angrily.
Your grab misses the ball python. The ball python completely misses you.
The ball python misses you.
You tentacle-slap the ball python.
You kill the ball python!
The kobold throws a stone.
The stone barely misses you.
You barely miss the ball python. Your grab misses the ball python.
Your squeeze misses the ball python. The ball python closely misses you.
The ball python barely misses you.
MP[+1]
Your mp is fully restored (3).
The kobold hits you with a +0 short sword.
HP[-4]
You take 4 damage, and now have 8/13 hp.
MASSIVE DAMAGE!! (PAUSE)
Your tentacle spike disappears.
You miss the kobold. You grab the kobold.
You constrict the kobold, but do no damage.
The kobold hits you with a +0 short sword.
* * * LOW HITPOINT WARNING * * *
HP[-6]
You take 6 damage, and now have 2/13 hp.
MASSIVE DAMAGE!! (PAUSE)
You tentacle-slap the kobold.
You constrict the kobold, but do no damage.
The kobold hits you but does no damage.
You tentacle-slap the kobold. You constrict the kobold.
You kill the kobold!
You barely miss the ball python. You grab the ball python.
You constrict the ball python.
The ball python struggles to escape constriction.
You barely miss the ball python. You squeeze the ball python.
You kill the ball python!
You barely miss the ball python. Your grab misses the ball python.
The ball python bites you.
* * * LOW HITPOINT WARNING * * *
The ball python closely misses you. The ball python bites you.
You die...

Action                   || total
-------------------------++-------
Melee: Unarmed           ||    11
       Constrict         ||     3
       Tentacles         ||     1
 Cast: Beastly Appendage ||     1
 Stab: Sleeping          ||     1
Armor: Skin              ||     1
Dodge: Dodged            ||     7

Levels and vault maps discovered:
D:1:      elethiomel_arrival_maze, layout_loops_corners,
          nicolae_ecumenical_snake_handling

Notes
Turn   | Place    | Note
-------+----------+-------------------------------------------
     0 | D:1      | zeratav the Octopode Transmuter began the quest for the
                  | Orb.
     0 | D:1      | Reached XP level 1. HP: 13/13 MP: 3/3
     0 | D:1      | magus.rc [v1.9.6]
   101 | D:1      | Found a faded altar of an unknown god.
   113 | D:1      | HP: 2/13 [kobold/+0 short sword (6)]
   118 | D:1      | HP: 1/13 [ball python (1)]
   118 | D:1      | Slain by a ball python

Vanquished Creatures
  3 ball pythons (D:1)
  A kobold (D:1)
4 creatures vanquished.

Table legend:
 A = Non-vault XP
 B = Vault XP
 C = Vault XP percentage of total XP
 D = Non-vault monster count
 E = Vault monster count
 F = Vault count percentage of total count
                 A         B        C        D         E       F
            +---------+---------+-------+---------+---------+-------
      Total |       4 |       4 |  50.0 |       2 |       2 |  50.0
            +---------+---------+-------+---------+---------+-------
        D:1 |       4 |       4 |  50.0 |       2 |       2 |  50.0
            +---------+---------+-------+---------+---------+-------

Illustrated notes

Table legend:
 A = Kills in this place as a percentage of kills in entire the game.
 B = Kills by you in this place as a percentage of kills by you in the entire game.
 C = Kills by friends in this place as a percentage of kills by friends in the entire game.
 D = Other kills in this place as a percentage of other kills in the entire game.
 E = Experience gained in this place as a percentage of experience gained in the entire game.
 F = Experience gained in this place divided by the number of levels of this place that you have seen.
                   A       B       C       D       E      F
               +-------+-------+-------+-------+-------+----------------------
         Total | 100.0 | 100.0 |   N/A |   N/A | 100.0 |   8.0
       Dungeon | 100.0 | 100.0 |   N/A |   N/A | 100.0 |   8.0
               +-------+-------+-------+-------+-------+----------------------

Table legend: (Time is in decaauts)
 A = Elapsed time spent in this place.
 B = Non-inter-level travel time spent in this place.
 C = Inter-level travel time spent in this place.
 D = Time resting spent in this place.
 E = Time spent auto-exploring this place.
 F = Levels seen in this place.
 G = Mean time per level.
                   A        B        C        D        E       F      G
               +--------+--------+--------+--------+--------+-----+--------+
         Total |    117 |    117 |      0 |      0 |     94 |   1 |  117.0 |
       Dungeon |    117 |    117 |      0 |      0 |     94 |   1 |  117.0 |
               +--------+--------+--------+--------+--------+-----+--------+

Top non-repeatable levels by time:
     D:1: 117 daAuts
